 Dungeon Crawl Stone Soup version 0.22.0-75-g3901e79 (webtiles) character file.

1967 vatarom the Carver (level 9, -3/71 HPs)
             Began as a Formicid Abyssal Knight on Sept 11, 2018.
             Was a Priest of Lugonu.
             Killed by divine providence
             ... invoked by an orc priest
              (10 damage)
             ... on level 8 of the Dungeon.
             The game lasted 00:17:14 (8435 turns).

vatarom the Carver (Formicid Abyssal Knight)        Turns: 8435, Time: 00:17:15

Health: -3/71      AC:  8    Str: 16    XL:     9   Next: 43%
Magic:  14/14      EV: 36    Int: 13    God:    Lugonu [***...]
Gold:   461        SH:  0    Dex: 18    Spells: 8/8 levels left

rFire    . . .     SeeInvis +   a - +2 falchion
rCold    . . .     Gourm    .   (no shield)
rNeg     + + .     Faith    .   n - +3 leather armour of Paranoia {*Contam +Fly rN++ MR+++}
rPois    .         Spirit   .   (helmet unavailable)
rElec    .         Reflect  .   (no cloak)
rCorr    .         Harm     .   (no gloves)
MR       +++..     Clarity  +   (no boots)
Stlth    ++........             l - amulet of the acrobat
HPRegen  0.21/turn              v - +3 ring of evasion
MPRegen  0.14/turn              (no ring)

@: agile, very slightly contaminated, invisible (expiring)
A: permanent stasis, dig shafts and tunnels, four strong arms, antennae 3, slimy
green scales 1, clarity, screaming 1, subdued magic 1
a: Dig, Shaft Self, Depart the Abyss, Bend Space, Banish, Renounce Religion,
Evoke Flight


You were on level 8 of the Dungeon.
You worshipped Lugonu.
Lugonu was most pleased with you.
You were not hungry.

You visited 2 branches of the dungeon, and saw 10 of its levels.
You visited the Abyss 1 time.

You collected 461 gold pieces.

Inventory:

Hand Weapons
 a - a +2 falchion (weapon)
Armour
 g - the +0 robe of Ethics {rElec rCorr Str-4 Int-4}
   (You took it off an orc wizard on level 7 of the Dungeon)

   It affects your strength (-4).
   It affects your intelligence (-4).
   It insulates you from electricity.
   It provides partial protection from all sources of acid and corrosion.
 n - the +3 leather armour of Paranoia (worn) {*Contam +Fly rN++ MR+++}
   (You found it on level 4 of the Dungeon)

   It greatly protects you from negative energy.
   It affects your resistance to hostile enchantments.
   It lets you fly.
   It causes magical contamination when unequipped.
Jewellery
 l - an amulet of the acrobat (around neck)
 u - an uncursed amulet of regeneration
 v - a +3 ring of evasion (left hand)
Wands
 f - a wand of random effects (14)
Scrolls
 d - 5 scrolls of remove curse {@r2}
 e - a scroll of immolation
 h - 2 scrolls of enchant weapon
 i - a scroll of fear
 k - 2 scrolls of fog {unknown}
 o - a scroll of enchant armour {unknown}
 s - a scroll of magic mapping {unknown}
Potions
 b - a potion of degeneration
 r - a potion of brilliance {@q6}
 x - a potion of cancellation
Comestibles
 c - 13 rations {@e1}


   Skills:
 + Level 6.9 Fighting
 * Level 8.2 Long Blades
 - Level 2.1 Armour
 + Level 3.1 Dodging
 + Level 7.0 Invocations


You had 8 spell levels left.
You didn't know any spells.
Your spell library contained the following spells:

 Spells                   Type           Power        Failure   Level  Hunger
 Beastly Appendage        Tmut           #.....       32%         1    ##.....
 Sticks to Snakes         Tmut           #.......     45%         2    ###....
 Spider Form              Tmut/Pois      #.........   71%         3    ####...
 Ice Form                 Ice/Tmut       #.......     98%         4    #####..
 Blade Hands              Tmut           #.........   100%        5    ######.


Dungeon Overview and Level Annotations

Branches:
Dungeon (9/15)             Temple (1/1) D:6            Lair (0/6) D:9
    Orc: D:9-12

Altars:
Ashenzari
Cheibriados
Dithmenos
Elyvilon
Fedhas
Gozag
Hepliaklqana
Kikubaaqudgha
Makhleb
Nemelex Xobeh
Okawaru
Qazlal
Ru
Sif Muna
Trog
Uskayaw
Vehumet
Wu Jian
Xom
Yredelemnul
Zin
The Shining One

Annotations:
D:8 Grum
Abyss:1 Duvessa


Innate Abilities, Weirdness & Mutations

You cannot be hasted, slowed, berserked, paralysed or teleported.
You can dig through walls and to a lower floor.
Your four strong arms can wield two-handed weapons with a shield.
You have a pair of large antennae on your head. (SInv)
You are partially covered in slimy green scales. (AC +2)
You possess an exceptional clarity of mind.
You occasionally shout uncontrollably at your foes.
Your spells are a little easier to cast, but a little less powerful.


Message History

An orc comes into view. It is wielding a dagger.
The orc shouts!
You hear a shout! x2; You hear a howl!
The orc throws a tomahawk.
The tomahawk completely misses you.
An orc comes into view. It is wielding a hand axe.
You see here a tomahawk.
Unknown command.
Grum the Hunter comes into view.
He is wielding a spear.
A wolf comes into view.
Found a stone staircase leading down.
A wolf comes into view.
The wolf moves out of view.
A crimson imp comes into view.
All of the chunks of flesh in your inventory have rotted away.
A quokka comes into view.
There is a stone staircase leading down here.
Unknown command.
You flicker for a moment.
The orc priest calls down the wrath of Beogh upon you.
Beogh smites you!
You die...

#. #.. #.##.## #.#...##
#......## #.......#
#.......#
.#########.......#######
........###5o...@.......
gh.........O>..#########
######.#####.## #.# #.#
#.# #.# #O# #..
#######.### #.#
..........# #.#
.#..###.#{###.####


You could see a two-headed ogre (wandering), an orc priest and a crimson imp.

Vanquished Creatures
  Sigmund (D:2)
  An ice beast (D:7)
  An orc warrior (D:6)
  2 sky beasts (D:6)
  A phantom (D:4)
  6 bullfrogs
  Dowan (D:6)
  A scorpion (D:4)
  A water moccasin skeleton (D:6)
  3 wights
  A howler monkey (D:4)
  A crimson imp (D:6)
  4 hounds
  A jelly (D:5)
  2 orc wizards
  2 iguanas (D:5)
  Ijyb (D:4)
  4 worker ants
  A hound zombie (D:5)
  A worker ant zombie (D:5)
  8 adders
  2 worms
  5 dart slugs
  4 leopard geckos
  11 orcs
  8 giant cockroaches
  A hobgoblin (D:3)
  5 jackals
  3 quokkas
  A ball python (D:3)
  4 bats
  13 frilled lizards
  4 goblins
  A jackal zombie (D:6)
  9 kobolds
  A leopard gecko zombie (D:6)
  5 rats
121 creatures vanquished.

Notes
Turn   | Place    | Note
-------+----------+-------------------------------------------
     0 | Abyss:1  | vatarom the Formicid Abyssal Knight began the quest for the
                  | Orb.
     0 | Abyss:1  | Reached XP level 1. HP: 18/18 MP: 2/2
    68 | Abyss:1  | Noticed a large abomination
    73 | D:1      | Escaped the Abyss
   206 | D:1      | Reached XP level 2. HP: 20/24 MP: 3/3
   554 | D:1      | Reached ** piety under Lugonu
   554 | D:1      | Reached XP level 3. HP: 21/29 MP: 4/4
   748 | D:2      | Noticed a bullfrog
   754 | D:2      | Gained mutation: You occasionally shout uncontrollably at
                  | your foes. [potion of mutation]
   754 | D:2      | Gained mutation: Your spells are a little easier to cast,
                  | but a little less powerful. [potion of mutation]
   754 | D:2      | Gained mutation: You possess an exceptional clarity of
                  | mind. [potion of mutation]
   754 | D:2      | Gained mutation: You are partially covered in slimy green
                  | scales. (AC +2) [potion of mutation]
   765 | D:2      | Killed a bullfrog
   765 | D:2      | Reached skill level 3 in Long Blades
   765 | D:2      | Reached XP level 4. HP: 27/37 MP: 4/6
   959 | D:2      | Reached XP level 5. HP: 34/42 MP: 7/7
  1119 | D:2      | Noticed Sigmund
  1142 | D:2      | Killed Sigmund
  1142 | D:2      | Reached skill level 4 in Long Blades
  1142 | D:2      | Reached XP level 6. HP: 25/49 MP: 7/9
  1443 | D:2      | Found a faded altar of an unknown god.
  2451 | D:3      | Found a deep blue altar of Sif Muna.
  2651 | D:3      | Found a glowing silver altar of Zin.
  2651 | D:3      | Found a shimmering altar of Xom.
  2654 | D:3      | Found an iron altar of Okawaru.
  2656 | D:3      | Found a stormy altar of Qazlal.
  2886 | D:4      | Noticed Ijyb
  2906 | D:4      | Killed Ijyb
  2906 | D:4      | Reached skill level 5 in Long Blades
  2998 | D:4      | Reached XP level 7. HP: 52/55 MP: 10/10
  3155 | D:4      | Reached skill level 5 in Fighting
  3549 | D:4      | Found a basalt altar of Yredelemnul.
  3739 | D:4      | Got a faintly glowing leather armour
  3750 | D:4      | Identified the +3 leather armour of Paranoia {*Contam +Fly
                  | rN++ MR+++} (You found it on level 4 of the Dungeon)
  3828 | D:4      | Reached skill level 5 in Invocations
  4100 | D:4      | Reached *** piety under Lugonu
  4100 | D:4      | Reached skill level 6 in Long Blades
  4217 | D:5      | Entered Level 5 of the Dungeon
  4301 | D:5      | Reached XP level 8. HP: 55/63 MP: 11/11
  5432 | D:6      | Reached skill level 1 in Dodging
  5929 | D:6      | Reached skill level 7 in Long Blades
  6039 | D:6      | Noticed a hand axe
  6039 | D:6      | Noticed a dagger
  6040 | D:6      | Found a hide-covered altar of Uskayaw.
  6040 | D:6      | Noticed Dowan
  6041 | D:6      | Noticed Duvessa
  6054 | D:6      | Banished Duvessa
  6081 | D:6      | Killed Dowan
  6359 | D:6      | Found a staircase to the Ecumenical Temple.
  6402 | Temple   | Entered the Ecumenical Temple
  6940 | D:6      | Reached XP level 9. HP: 54/71 MP: 13/13
  7665 | D:7      | Reached skill level 8 in Long Blades
  8178 | D:7      | Got a slimy robe
  8179 | D:7      | Identified the +0 robe of Ethics {rElec rCorr Str-4 Int-4}
                  | (You took it off an orc wizard on level 7 of the Dungeon)
  8246 | D:7      | Noticed a two-headed ogre
  8255 | D:7      | You fall through a shaft for 2 floors!
  8366 | D:9      | Noticed a two-headed ogre
  8396 | D:9      | Found a staircase to the Lair.
  8396 | D:9      | Noticed a hippogriff
  8397 | D:9      | Noticed an elephant
  8410 | D:8      | HP: 2/71 [two-headed ogre/giant club (14)]
  8426 | D:8      | Noticed Grum
  8435 | D:8      | Killed from afar by an orc priest

Skill      XL: |  1  2  3  4  5  6  7  8  9 |
---------------+----------------------------+-----
Fighting       | 4 5 6 |  6.9
Long Blades    | 3 4 5 6 7 8 |  8.2
Invocations    | 3 4 5 6 7 |  7.0
Dodging        | 2 3 |  3.1
Armour         | |  2.1

Action                   |  1- 3 |  4- 6 |  7- 9 || total
-------------------------+-------+-------+-------++-------
Melee: Falchion          |    56 |   146 |   410 ||   612
Invok: Bend Space        |       |     1 |       ||     1
       Banish            |       |       |     2 ||     2
 Abil: Dig               |       |       |     1 ||     1
       Shaft Self        |       |       |     1 ||     1
Evoke: Wand              |       |       |    11 ||    11
  Use: Scroll            |     1 |     1 |    10 ||    12
       Potion            |     2 |     2 |     6 ||    10
  Eat: Chunk             |       |     3 |     4 ||     7
       Ration            |       |     1 |     5 ||     6
Armor: Leather armour    |    17 |    33 |   118 ||   168
       Skin              |       |    10 |       ||    10
Dodge: Dodged            |    53 |   114 |   422 ||   589
       Rpst.: Falchion   |    13 |    38 |   136 ||   187
